 Dungeon Crawl Stone Soup version 0.28-a0-793-g31680bbd8b (webtiles) character file.

Game seed: 15468577930295394851

576 ytrimaz the Ruffian (level 7, 0/48 HPs)
             Began as an Octopode Fighter on Nov 3, 2021.
             Slain by a quokka (5 damage)
             ... on level 5 of the Dungeon.
             The game lasted 00:03:23 (4811 turns).

ytrimaz the Ruffian (Octopode Fighter)              Turns: 4811, Time: 00:03:23

Health: 0/48       AC:  1    Str: 17    XL:     7   Next: 35%
Magic:  7/7        EV: 14    Int: 11    God:
Gold:   224        SH:  4    Dex: 11    Spells: 6/6 levels left

rFire   . . .      SeeInvis .     - Unarmed
rCold   . . .      Faith    .   a - +0 buckler
rNeg    . . .      Spirit   .   (helmet restricted)
rPois   .          Reflect  .   (no amulet)
rElec   .          Harm     .   (no ring)
rCorr   .          Rampage  .   (no ring)
Will    .....                   (no ring)
Stlth   ++........              (no ring)
HPRegen 0.16/turn               (no ring)
MPRegen 0.10/turn               (no ring)
                                (no ring)
                                (no ring)

@: no status effects
A: almost no armour, amphibious, 8 rings, camouflage 1, gelatinous body 1,
(nimble swimmer 1), tentacles
a: no special abilities


You were on level 5 of the Dungeon.
You visited 1 branch of the dungeon, and saw 5 of its levels.

You collected 224 gold pieces.

Inventory:

Armour
 a - a +0 buckler (worn)
Scrolls
 c - a scroll of immolation
Potions
 b - a potion of berserk rage {unknown}
 g - 2 potions of attraction
 i - a potion of cancellation {unknown}


   Skills:
 * Level 4.0 Fighting
 * Level 4.6 Dodging
 - Level 4.0 Shields
 * Level 5.8 Unarmed Combat


You had 6 spell levels left.
You didn't know any spells.
Your spell library contained the following spells:

 Spells                   Type           Power      Damage    Failure   Level
 Summon Small Mammal      Summ           0%         N/A       34%         1
 Call Canine Familiar     Summ           0%         N/A       71%         3
 Summon Guardian Golem    Hex/Summ       0%         N/A       71%         3
 Tukima's Dance           Hex            0%         N/A       71%         3
 Passage of Golubria      Tloc           0%         N/A       98%         4
 Iskenderun's Battlesphe  Conj           0%         2d6       100%        5
 Yara's Violent Unravell  Hex/Tmut       0%         3d3       100%        5
 Iron Shot                Conj/Erth      0%         9d1       100%        6
 Spellforged Servitor     Conj/Summ      0%         N/A       100%        7


Dungeon Overview and Level Annotations

Branches:
Dungeon (5/15)
 Temple: D:4-7

Altars:
Cheibriados
Elyvilon
Hepliaklqana


Innate Abilities, Weirdness & Mutations

You cannot wear most types of armour.
You are amphibious.
You can wear up to eight rings at the same time.
Your skin changes colour to match your surroundings (Stealth+).
Your rubbery body absorbs attacks. (AC +1, EV +1)
((You are camouflaged near water. (Stealth+)))
You have tentacles for arms and can constrict up to eight enemies at once.


Message History

Found a stone staircase leading up.
Found a stone staircase leading up.
b - a viscous sapphire potion An ogre comes into view.
It is wielding a +0 giant club.
The ogre shouts!
An ogre is nearby!
A quokka comes into view.
The ogre hits you with a +0 giant club!!
Ouch! That really hurt!
You hear a shout!
You bludgeon the ogre!
The ogre is moderately wounded.
The quokka twitches its whiskers.
You barely miss the ogre.
The ogre is moderately wounded.
You block the ogre's attack.
You bludgeon the ogre!
The ogre is heavily wounded.
The ogre closely misses you.
You tentacle-slap the ogre.
The ogre is heavily wounded.
The ogre closely misses you.
You tentacle-slap the ogre but do no damage.
You squeeze the ogre!
The ogre is almost dead.
An ogre comes into view. It is wielding a +0 giant club.
You barely miss the ogre.
The ogre is almost dead.
You block the quokka's attack. The ogre hits you with a +0 giant club!
* * * LOW HITPOINT WARNING * * *
Unknown command.
You hear the slow hiss of an avalanche of sand nearby.
The quokka misses you.
There is a stone staircase leading up here.
The quokka misses you. The quokka closely misses you.
The quokka barely misses you.
Okay, then.
The quokka bites you.
You die...

#..... #..##. ###
###..##. # .. [.....#.
#. #####.# .####...
##.##.....## ........
#..........# #######.
##..........# ######.
.......@r...######......
.##................####.
#.......O.###########.
#.........#...O....<..
..........O..#########.
###..............# ...
...........##.#.# #.##
#........... ..... #.
#########...........


You could see 2 ogres and a quokka.

Vanquished Creatures
  A hornet zombie (D:4)
  A black bear (D:4)
  A necrophage (D:4)
  A bullfrog (D:5)
  A scorpion (D:4)
  A jelly (D:4)
  Natasha (thrice) (D:3)
  Terence (D:3)
  An adder (D:4)
  A worm (D:2)
  2 orcs (D:4)
  4 ball pythons
  5 endoplasms
  5 giant cockroaches
  7 goblins
  4 hobgoblins
  7 kobolds
  4 quokkas
  3 bats
  5 frilled lizards
  2 rats
60 creatures vanquished.

Notes
Turn   | Place    | Note
-------+----------+-------------------------------------------
     0 | D:1      | ytrimaz the Octopode Fighter began the quest for the Orb.
     0 | D:1      | Reached XP level 1. HP: 16/16 MP: 1/1
    71 | D:1      | Reached XP level 2. HP: 17/21 MP: 2/2
  1076 | D:2      | Reached XP level 3. HP: 26/26 MP: 3/3
  1691 | D:3      | Found a snail-covered altar of Cheibriados.
  1972 | D:3      | Found a faded altar of an unknown god.
  2089 | D:3      | Noticed Natasha
  2096 | D:3      | Killed Natasha
  2097 | D:3      | Reached XP level 4. HP: 22/31 MP: 4/4
  2142 | D:3      | Noticed Natasha
  2149 | D:3      | Killed Natasha
  2150 | D:3      | Reached skill level 3 in Unarmed Combat
  2435 | D:3      | Noticed Natasha
  2443 | D:3      | Killed Natasha
  2444 | D:3      | Reached XP level 5. HP: 27/36 MP: 5/5
  2539 | D:3      | Noticed Terence
  2550 | D:3      | Killed Terence
  2854 | D:4      | Found a hazy altar of Hepliaklqana.
  3250 | D:4      | Noticed a black bear
  3261 | D:4      | Killed a black bear
  3262 | D:4      | Reached skill level 4 in Unarmed Combat
  3262 | D:4      | Reached XP level 6. HP: 27/42 MP: 6/6
  3413 | D:4      | Noticed a necrophage
  3414 | D:4      | HP: 2/42 [acid (8)]
  3901 | D:4      | Found a white marble altar of Elyvilon.
  3930 | D:4      | Reached skill level 5 in Unarmed Combat
  4178 | D:4      | Killed a necrophage
  4179 | D:4      | Reached XP level 7. HP: 42/47 MP: 7/7
  4642 | D:5      | Entered Level 5 of the Dungeon
  4791 | D:5      | HP: 2/48 [ogre (14)]
  4811 | D:5      | Slain by a quokka

Illustrated notes

Levels and vault maps discovered:
D:1:      eino_arrival_tree_alley, layout_basic
D:2:      layout_rooms, roderic_roman_lattice
D:3:      layout_loops_corners, mainiacjoe_overflow_cross_hatched,
          shapermc_ecumenical_altar_venn, uniq_natasha, uniq_terence
D:4:      layout_basic, nicolae_hepliaklqana_hazy_memory,
          mainiacjoe_overflow_concentric_impassable
D:5:      layout_rooms, nicolae_overflow_crystal_walls,
          lightli_ossuary_entry_decrepit_ruins

Skill      XL: |  1  2  3  4  5  6  7 |
---------------+----------------------+-----
Unarmed Combat | 3 4 5 |  5.8
Dodging        | 4 |  4.6
Shields        | 4 |  4.0
Fighting       | 4 |  4.0

Action                   |  1- 3 |  4- 6 |  7- 9 || total
-------------------------+-------+-------+-------++-------
Melee: Unarmed           |    77 |    74 |    15 ||   166
       Tentacles         |    13 |    14 |     3 ||    30
       Constrict         |    16 |    16 |     2 ||    34
       Punch             |     1 |     4 |       ||     5
  Use: Potion            |       |     4 |       ||     4
       Scroll            |       |       |     8 ||     8
 Stab: Sleeping          |    12 |     2 |       ||    14
Armor: Skin              |     4 |     4 |       ||     8
Dodge: Dodged            |    39 |    41 |    17 ||    97
Block: Buckler           |    10 |    11 |     2 ||    23

Table legend: (Time is in decaauts)
 A = Elapsed time spent in this place.
 B = Non-inter-level travel time spent in this place.
 C = Inter-level travel time spent in this place.
 D = Time resting spent in this place.
 E = Time spent auto-exploring this place.
 F = Levels seen in this place.
 G = Mean time per level.
                   A        B        C        D        E       F      G
               +--------+--------+--------+--------+--------+-----+--------+
         Total |   4808 |   4703 |    105 |   1077 |   3084 |   5 |  961.6 |
       Dungeon |   4808 |   4703 |    105 |   1077 |   3084 |   5 |  961.6 |
               +--------+--------+--------+--------+--------+-----+--------+

Top non-repeatable levels by time:
     D:4: 1783 daAuts
     D:3: 1331 daAuts
     D:1: 1007 daAuts
     D:2: 518 daAuts
     D:5: 167 daAuts
